Tolliver Groat, neutral female gnomish Tourist --- . --<- . ..... |..... .. ....... -..... .. . ..*.... |.... .. ... ....... . .. |... .... ....>... .......--.- ... ........ ............- ... ........ .......................... .... ......... -^. ........... .. . .--..--------..|o@... -...... |.- ......... ...................%.......|..d........ |...... -.- . -....... .......III|.----.....|....... ..... ..... --...... ...........|...-|....- ....... .....%. -.... --.... ..........---.. -..-- ...... ...-..- |....-- |... ................G....| .....- -....|.--.... ................. --.--- ---...--- ---......... ......... ....... |...- |..... --...|..-- .. ..... ... --..----------.---- .. .. . |.............| --------------- Tolliver Groat the Sightseer Experience level: 5 Strength: 11 Dexterity: 9 Constitution: 17 Intelligence: 14 Wisdom: 9 Charisma: 16 Health: 0(43) Energy: 19(19) Def: 3 Gold: 726 Moves: 1027 Dungeon seed: WZ9PYGD6mqxdq0qO Game ID: Tolliver Groat_1529599719 Your Inventory: Coins $ - 726 gold pieces Weapons a - 49 uncursed +2 darts (in quiver) o - a blessed +2 aklys (weapon in hand) A - a cursed -1 dagger Armor l - an uncursed +0 Hawaiian shirt (being worn) q - an uncursed +0 studded leather armor (being worn) y - a cursed -1 pair of jumping boots (being worn) Comestibles b - 4 uncursed cream pies c - an uncursed pear d - 2 uncursed tripe rations f - 2 uncursed eggs g - 4 uncursed food rations h - 2 uncursed carrots Scrolls j - 4 uncursed scrolls of magic mapping s - an uncursed scroll of enchant armor v - an uncursed scroll of light B - an uncursed scroll of water C - an uncursed scroll of charging Spellbooks p - an uncursed spellbook of healing Potions i - 2 uncursed potions of extra healing Rings r - an uncursed ring of shock resistance Wands m - an uncursed wand of secret door detection (0:14) Tools e - an uncursed credit card k - an uncursed expensive camera (0:34) n - an uncursed tin opener u - an uncursed towel w - an uncursed towel x - an uncursed drum of earthquake (0:5) Spells and supernatural/magical abilities: Name Level Category Fail Memory h - healing 1 healing 16% 96% W - pray for help -- divine ? -- Y - supernatural jump -- ability ? -- Your skills at the end: Miscellaneous Skills wands [Basic] Weapon Skills club [Basic] dart [Basic] Spellcasting Skills Final Attributes: You were fervently aligned. You had infravision. You were somewhat stealthy. You could jump. You are dead. Vanquished creatures: 2 large mimics 2 small mimics a gnome king a straw golem an iguana a gas spore 2 giant rats a cave spider a yellow mold 2 red molds a gnome a jackal a kobold 5 newts 4 grid bugs a bat 3 lichens a kobold zombie 31 creatures vanquished. Voluntary challenges: You did not adorn yourself with jewelry or accessories. You did not cause conflict. You were not invisible. You did not have reflection. You were not displaced. You were an atheist. You used a wielded weapon 54 times, starting on turn 53. You did not use containers. You did not apply a unicorn horn. You did not use plumbed fixtures. You did not drink any magical draughts. You read items or engraved 2 times, starting on turn 32. You never genocided any monsters. You never polymorphed an object. You never changed form. You used no wishes. You never split a pudding. You never wrote Elbereth's name. You violated your moral code, losing 2 points of alignment, starting on turn 847. Dungeon overview: The Dungeons of Doom: levels 1 to 2 Level 1 a long staircase Level 2 a general store, some fountains stairs to The Gnomish Mines The Gnomish Mines: levels 3 to 4 Level 3 <- You were here stairs to The Dungeons of Doom Level 4 History has recorded: On T:1 you entered the Dungeons of Doom to retrieve the Amulet of Yendor! On T:314 you reached level 2 of The Dungeons of Doom. On T:492 you advanced to experience level 2. On T:507 you advanced to experience level 3. On T:532 you advanced to experience level 4. On T:624 you advanced to experience level 5. On T:726 you reached level 1 of The Gnomish Mines. On T:764 you reached level 2 of The Gnomish Mines. Score breakdown: Gold: 0 ( 0 points) Experience: 5 levels ( 400 points) Exploration: 4 levels ( 90 points) Discoveries: 9 items ( 450 points) Variety of kills: 18 monsters ( 900 points) Major goal: (nothing yet) ( 0 points) Survival: died (score multiplied by 3) Total score: 5520 Latest messages: The straw golem misses Yermak. The straw golem claws Yermak. Yermak bites something. Something misses Yermak. (2x) Yermak bites something. Something misses Yermak. (2x) Yermak misses something. You hear some noises. The straw golem claws you! (2x) The straw golem just misses! The straw golem claws you! You hit the straw golem! The straw golem claws you! (2x) You destroy the straw golem! The hobgoblin wields a curved sword! The hobgoblin swings her curved sword at you. The hobgoblin hacks you! Yermak misses the hobgoblin. (2x) You hear crashing rock. The hobgoblin swings her curved sword at you. The hobgoblin hacks you! You die... Final status: Aloha Tolliver Groat the Tourist, killed by a hobgoblin... You died in The Gnomish Mines on dungeon level 3 with 5520 points, and 726 pieces of gold, after 1027 moves. You were level 5 with a maximum of 43 hit points when you died.